Map: [ESL] Inside and Out

Players

Astrea

  • Race: Protoss Protoss
  • League: Master
  • Spawn Location: 1:00

ShoWTimE - Winner!

  • Race: Protoss Protoss
  • Spawn Location: 7:00

Event: HomeStory Cup XXII

VOD

Have the link to the VOD?

Description

Time

  • Played on: Dec. 17, 2022, 6:12 a.m.
  • Length: 15:56

All games in this series

Show
View Real Time Build Order
Export as new Build Order

Astrea Protoss 

Build Orders: Oracle Opening, Phoenix Opening 

Get SALT Encoding   

  12  0:00  Probe  
  13  0:12  Probe  
  14  0:17  Pylon  
  14  0:24  Probe (Chrono Boost)  
  15  0:37  Probe (Chrono Boost), Gateway  
  16  0:43  Probe (Chrono Boost)  
  16  0:46  Assimilator  
  17  0:51  Probe  
  18  0:59  Assimilator  
  18  1:03  Probe (Chrono Boost)  
  19  1:08  Pylon  
  19  1:12  Probe (Chrono Boost)  
  19  1:17  Probe (Chrono Boost)  
  20  1:24  Cybernetics Core  
  21  1:29  Probe  
  22  1:33  Pylon  
  22  1:41  Probe  
  22  1:42  Zealot  
  25  1:53  Probe  
  26  2:09  Probe  
  26  2:11  Adept, Stargate  
  29  2:16  Pylon  
  30  2:25  Pylon  
  30  2:27  Warp Gate  
  29  2:44  Nexus, Probe  
  29  2:53  Phoenix (Chrono Boost)  
  29  2:56  Probe  
  32  3:07  Shield Battery  
  32  3:08  Probe  
  32  3:09  Phoenix (Chrono Boost)  
  35  3:20  Probe  
  35  3:23  Pylon  
  36  3:27  Phoenix (Chrono Boost)  
  36  3:32  Probe  
  39  3:44  Probe  
  39  3:47  Oracle (Chrono Boost)  
  40  3:53  Shield Battery  
  43  3:56  Probe x2  
  43  4:02  Twilight Council  
  45  4:08  Probe  
  45  4:09  Probe  
  47  4:11  Gateway  
  47  4:21  Gateway  
  47  4:23  Shield Battery  
  47  4:26  Probe (Chrono Boost)  
  47  4:28  Probe (Chrono Boost)  
  49  4:33  Assimilator  
  49  4:38  Probe (Chrono Boost)  
  51  4:41  Probe (Chrono Boost)  
  51  4:43  Probe (Chrono Boost)  
  52  4:48  Blink (Chrono Boost)  
  52  4:49  Probe  
  54  4:52  Probe  
  54  4:58  Pylon  
  54  5:01  Probe  
  54  5:05  Probe  
  56  5:10  Stalker x2  
  56  5:13  Probe  
  59  5:17  Stalker  
  59  5:39  Nexus  
  59  5:40  Stalker x3  
  62  5:43  Probe x2  
  62  5:45  Pylon  
  64  5:50  Pylon  
  64  5:55  Probe x2  
  64  6:06  Stalker x3  
  64  6:09  Probe  
  66  6:14  Probe  
  61  6:21  Probe  
  62  6:27  Probe  
  62  6:29  Robotics Facility  
  62  6:31  Forge  
  62  6:32  Stalker x3  
  68  6:33  Probe  
  68  6:36  Charge (Chrono Boost)  
  68  6:39  Probe  
  70  6:45  Probe  
  64  6:51  Probe  
  64  6:52  Probe  
  66  6:56  Stalker  
  66  6:57  Probe, Stalker  
  71  7:03  Protoss Ground Weapons Level 1 (Chrono Boost)  
  71  7:04  Probe (Chrono Boost)  
  71  7:05  Oracle, Probe (Chrono Boost)  
  74  7:10  Probe (Chrono Boost)  
  74  7:16  Probe (Chrono Boost)  
  74  7:19  Probe (Chrono Boost)  
  74  7:20  Probe (Chrono Boost)  
  74  7:21  Probe (Chrono Boost)  
  76  7:24  Stalker x2  
  76  7:25  Probe (Chrono Boost)  
  76  7:26  Stalker  
  76  7:27  Probe  
  84  7:32  Probe  
  84  7:36  Shield Battery  
  84  7:37  Probe  
  84  7:39  Probe  
  84  7:41  Observer  
  86  7:44  Probe  
  86  7:49  Probe  
  86  7:51  Probe, Stalker  
  90  7:52  Gateway, Stalker  
  90  7:53  Gateway  
  90  7:56  Probe  
  90  7:57  Assimilator  
  94  8:01  Probe  
  95  8:06  Pylon  
  95  8:13  Pylon  
  95  8:15  Gateway  
  95  8:17  Templar Archives  
  95  8:18  Gateway  
  95  8:20  Gateway  
  95  8:24  Pylon  
  95  8:28  Nexus  
  95  8:30  Zealot  
  97  8:36  Zealot x2  
  97  8:37  Warp Prism (Chrono Boost)  
  101  8:49  Protoss Ground Weapons Level 2 (Chrono Boost)  
  101  8:54  Zealot x2, High Templar  
  107  8:57  Zealot  
  107  8:59  High Templar  
  107  9:01  Pylon  
  111  9:03  Archon  
  111  9:10  Pylon  
  111  9:12  Observer  
  111  9:18  Zealot x5  
  111  9:19  Zealot  
  111  9:20  Probe x3  
  126  9:29  Pylon  
  126  9:32  Probe  
  126  9:33  Pylon  
  126  9:36  High Templar x2  
  126  9:37  Photon Cannon, Probe  
  132  9:39  Archon  
  132  9:49  Zealot x6  
  140  9:54  Probe x4  
  115  10:15  Probe  
  115  10:19  High Templar x3  
  115  10:20  Zealot x5  
  124  10:25  Archon  
  124  10:26  Probe x2  
  124  10:28  Shield Battery x2  
  114  10:31  Photon Cannon  
  114  10:35  Gateway x2  
  114  10:36  Immortal (Chrono Boost)  
  114  10:40  Probe x3  
  114  10:41  Photon Cannon  
  121  10:44  High Templar, Assimilator  
  121  10:45  Zealot x4  
  121  10:49  Assimilator  
  131  10:50  Archon  
  131  10:51  Zealot x3  
  131  10:54  Pylon  
  131  10:55  Pylon  
  137  11:06  Zealot  
  137  11:07  Zealot x3  
  136  11:19  Immortal (Chrono Boost)  
  136  11:22  Zealot x4  
  136  11:29  Protoss Ground Weapons Level 3  
  136  11:30  Photon Cannon  
  136  11:31  Shield Battery, Zealot x3, High Templar x2  
  136  11:32  Pylon  
  146  11:35  Archon  
  146  11:38  Zealot  
  148  11:45  High Templar  
  148  11:46  Zealot x2, High Templar  
  156  11:49  Pylon  
  156  11:50  Archon  
  156  11:54  Pylon  
  156  11:55  Zealot x3  
  160  12:02  Zealot  
  160  12:07  Stalker x4  
  140  12:12  Immortal  
  140  12:16  Zealot x3  
  140  12:18  Probe  
  140  12:20  Zealot x2  
  140  12:21  Probe  
  138  12:25  Zealot  
  130  12:33  Zealot x2, High Templar x2  
  136  12:37  Archon  
  136  12:38  Zealot x4  
  136  12:44  Zealot, Probe  
  144  12:50  Zealot x2  
  131  12:51  Immortal  
  131  12:56  Zealot x2  
  127  13:01  Cybernetics Core  
  127  13:03  Pylon  
  127  13:04  Zealot x6  
  127  13:05  Probe  
  116  13:13  Zealot x2, Probe  
  116  13:14  Probe  
  116  13:16  Zealot x2  
  110  13:26  High Templar x3  
  110  13:27  Zealot x2, High Templar  
  110  13:30  Archon  
  110  13:31  Archon  
  110  13:32  Zealot  
  110  13:33  Zealot x2  
  110  13:34  Immortal  
  120  13:43  Zealot  
  120  13:48  Stalker x2  
  116  13:50  Stalker x2  
  116  13:52  Stalker  
  116  13:55  Zealot  
  124  14:03  High Templar x2  
  124  14:06  Zealot x2  
  124  14:07  Zealot  
  124  14:08  Archon  
  132  14:10  Nexus  
  132  14:16  Zealot x5  
  132  14:18  Probe  
  132  14:22  Zealot  
  98  14:31  Zealot  
  98  14:32  Zealot  
  98  14:36  Probe x3  
  99  14:41  High Templar x3  
  99  14:42  Zealot x2, High Templar x2  
  99  14:43  Probe  
  110  14:46  Archon x2  
  110  14:49  Assimilator  
  110  14:50  High Templar, Assimilator, Pylon  
  112  14:56  Archon  
  112  14:57  Observer (Chrono Boost)  
  113  15:01  Assimilator  
  113  15:08  Zealot x4  
  121  15:15  Zealot x5  
  121  15:18  Shield Battery  
  127  15:30  Zealot x4  
  125  15:38  Zealot x2  
  125  15:39  Zealot x2  
  125  15:41  Zealot  
  109  15:43  Probe  
Show
View Real Time Build Order
Export as new Build Order

ShoWTimE Protoss - Winner!

Build Orders: Phoenix Opening, Mass Phoenix 

Get SALT Encoding   

  12  0:00  Probe  
  13  0:12  Probe  
  14  0:18  Pylon  
  14  0:24  Probe (Chrono Boost)  
  15  0:36  Probe (Chrono Boost)  
  15  0:37  Gateway  
  16  0:45  Probe (Chrono Boost)  
  16  0:46  Assimilator  
  17  0:50  Probe  
  18  1:03  Probe (Chrono Boost)  
  19  1:09  Assimilator  
  19  1:11  Pylon  
  19  1:15  Probe (Chrono Boost)  
  20  1:23  Probe (Chrono Boost)  
  20  1:24  Cybernetics Core  
  21  1:29  Probe  
  22  1:34  Zealot  
  24  1:41  Probe  
  25  1:53  Probe  
  26  2:01  Stargate  
  26  2:03  Adept  
  26  2:06  Pylon  
  28  2:10  Warp Gate  
  28  2:30  Pylon  
  28  2:32  Probe  
  28  2:34  Pylon  
  29  2:44  Nexus  
  29  2:48  Phoenix (Chrono Boost)  
  31  2:53  Probe  
  32  3:04  Phoenix (Chrono Boost)  
  32  3:05  Probe  
  35  3:17  Probe  
  36  3:24  Phoenix (Chrono Boost)  
  36  3:26  Assimilator  
  38  3:29  Pylon  
  38  3:30  Probe  
  39  3:39  Stargate  
  39  3:47  Probe  
  40  3:51  Phoenix (Chrono Boost)  
  42  3:56  Probe  
  42  3:59  Probe  
  44  4:08  Probe  
  45  4:11  Probe  
  45  4:13  Phoenix (Chrono Boost)  
  48  4:21  Probe  
  48  4:22  Assimilator  
  48  4:23  Probe  
  50  4:30  Phoenix (Chrono Boost)  
  52  4:33  Probe  
  52  4:35  Probe  
  52  4:36  Pylon  
  54  4:42  Phoenix (Chrono Boost)  
  54  4:45  Probe  
  57  4:48  Probe  
  58  4:57  Pylon  
  58  4:58  Probe  
  61  5:00  Phoenix (Chrono Boost), Probe  
  62  5:10  Phoenix, Probe  
  62  5:13  Probe  
  66  5:16  Robotics Facility  
  66  5:20  Pylon  
  66  5:26  Gateway  
  66  5:28  Probe  
  67  5:29  Probe  
  65  5:40  Probe  
  65  5:41  Probe  
  66  5:46  Gateway  
  66  5:47  Phoenix, Gateway  
  68  5:51  Phoenix  
  70  5:58  Pylon  
  70  6:01  Probe  
  71  6:07  Probe  
  70  6:13  Phoenix, Immortal (Chrono Boost), Probe  
  77  6:27  Nexus  
  77  6:31  Shield Battery  
  77  6:36  Phoenix  
  77  6:37  Probe x2  
  77  6:50  Immortal (Chrono Boost)  
  79  6:54  Sentry x2  
  79  6:56  Probe x2  
  79  6:58  Shield Battery  
  85  7:05  Forge  
  85  7:08  Probe  
  86  7:16  Twilight Council  
  86  7:17  Pylon  
  86  7:19  Pylon  
  86  7:24  Phoenix, Pylon  
  86  7:29  Shield Battery  
  86  7:30  Pylon  
  86  7:36  Protoss Ground Weapons Level 1 (Chrono Boost)  
  86  7:37  Probe x2  
  86  7:38  Observer  
  86  7:40  Charge (Chrono Boost), Probe  
  90  7:44  Zealot x2  
  90  7:47  Phoenix  
  90  7:49  Probe x2  
  96  7:52  Probe  
  96  7:57  Gateway  
  97  7:59  Gateway  
  97  8:02  Templar Archives, Probe x2  
  97  8:04  Probe  
  100  8:12  Gateway  
  100  8:14  Probe x2, Gateway  
  100  8:16  Gateway, Probe  
  100  8:17  Gateway  
  103  8:20  Assimilator  
  103  8:22  Assimilator  
  103  8:26  Pylon  
  104  8:27  Probe  
  104  8:28  Warp Prism (Chrono Boost)  
  104  8:32  Zealot  
  108  8:39  Pylon  
  108  8:42  High Templar  
  108  8:44  Pylon  
  110  8:51  High Templar  
  110  8:55  Phoenix, Archon  
  112  8:56  High Templar x2  
  112  9:00  Pylon  
  112  9:01  Archon  
  116  9:03  Nexus  
  116  9:08  Zealot x2  
  118  9:13  High Templar x2  
  118  9:17  Archon, Pylon  
  122  9:19  Pylon  
  122  9:25  Probe  
  122  9:26  Probe x2  
  122  9:27  High Templar x2  
  122  9:29  Zealot x4  
  122  9:30  Protoss Ground Weapons Level 2 (Chrono Boost)  
  137  9:31  Archon  
  137  9:37  Shield Battery, Pylon  
  137  9:44  Probe x3, Gateway  
  136  9:45  Gateway  
  136  9:52  Zealot x2  
  138  9:56  Probe  
  135  10:02  Zealot x2  
  135  10:03  Zealot x3  
  135  10:14  Zealot x3  
  135  10:17  Probe  
  132  10:27  Observer  
  131  10:29  High Templar x4  
  131  10:30  High Templar  
  131  10:33  Probe x2  
  131  10:34  Archon  
  131  10:35  Archon, Gateway, High Templar  
  145  10:36  Zealot x2, Gateway  
  145  10:41  Archon  
  149  10:48  Zealot x2  
  151  10:57  Probe  
  151  10:58  Probe x2  
  151  11:01  Stalker  
  151  11:02  Stalker  
  151  11:03  Probe  
  156  11:07  Zealot x5  
  156  11:09  Zealot x3  
  157  11:19  Zealot x3  
  157  11:22  Probe x2  
  157  11:23  Assimilator  
  157  11:25  High Templar x2  
  156  11:28  Assimilator  
  156  11:29  Zealot x3, Archon  
  156  11:30  Zealot x2  
  156  11:32  Pylon  
  166  11:33  Zealot x2  
  170  11:51  Nexus  
  170  11:52  Zealot x6, Pylon  
  182  12:00  Zealot x3  
  189  12:01  Observer  
  173  12:08  Photon Cannon  
  173  12:09  Photon Cannon  
  173  12:13  Zealot x2  
  171  12:20  Zealot x3  
  160  12:22  Observer  
  150  12:32  Zealot x6  
  162  12:39  Robotics Bay  
  162  12:40  Zealot  
  162  12:43  Zealot x2  
  144  12:52  Zealot x3  
  144  12:58  Zealot x4  
  136  13:05  Zealot x3  
  136  13:11  Zealot x2  
  135  13:15  Zealot x2  
  119  13:21  Zealot  
  119  13:26  Zealot x2  
  119  13:27  Zealot  
  119  13:29  Disruptor (Chrono Boost)  
  119  13:31  High Templar x2  
  126  13:35  Archon  
  126  13:40  High Templar x6  
  138  13:41  Sentry  
  138  13:46  Archon x2  
  138  13:47  Archon  
  138  13:48  High Templar x2  
  128  13:52  Probe x3  
  128  13:53  Zealot, Archon  
  135  13:59  Disruptor (Chrono Boost)  
  136  14:08  Zealot x3  
  138  14:18  Zealot x7  
  140  14:28  Disruptor (Chrono Boost)  
  140  14:30  Observer x2  
  108  14:39  High Templar x5  
  108  14:40  Zealot x4, High Templar x3  
  108  14:45  Archon x4  
  128  14:48  Photon Cannon  
  128  14:54  Warp Prism (Chrono Boost)  
  128  14:57  Robotics Facility  
  128  14:58  Photon Cannon  
  130  15:01  Zealot x4  
  138  15:08  Shield Battery  
  138  15:10  Pylon  
  138  15:14  Zealot x4  
  145  15:24  Zealot x5  
  145  15:26  Disruptor (Chrono Boost)  
  128  15:46  Zealot x9  
Tags
 
Add a new tag
Caveats
  • Supply blocks, unpowered buildings, or Contaminate may cause inaccurate times.
  • Supply counts are checked every 10 seconds.